 Dungeon Crawl Stone Soup version 0.27.1-3-gb3d3a73c9e (webtiles) character file.

Game seed: 8183312393427649243

282 Rein the Cudgeller (level 6, 0/55 HPs)
             Began as a Minotaur Berserker on Oct 22, 2021.
             Was a Believer of Trog.
             Slain by Crazy Yiuf (13 damage)
             ... on level 3 of the Dungeon.
             The game lasted 00:12:54 (2541 turns).

Rein the Cudgeller (Minotaur Berserker)             Turns: 2541, Time: 00:12:58

Health: 0/55       AC:  4    Str: 29    XL:     6   Next: 6%
Magic:  5/5        EV: 12    Int:  4    God:    Trog [**....]
Gold:   81         SH:  0    Dex: 10    Spells: 5/5 levels left

rFire    . . .     SeeInvis .   a - +0 mace
rCold    . . .     Faith    .   (no shield)
rNeg     . . .     Spirit   .   b - +0 animal skin
rPois    .         Reflect  .   (helmet restricted)
rElec    .         Harm     .   (no cloak)
rCorr    .         Rampage  .   d - +1 pair of gloves
Will     .....                  (no boots)
Stlth    +.........             (no amulet)
HPRegen  0.18/turn              l - +6 ring of strength
MPRegen  0.09/turn              (no ring)

@: lethally poisoned (0 -> -9)
A: horns 2, retaliatory headbutt
a: Renounce Religion, Berserk, Trog's Hand


You were on level 3 of the Dungeon.
You worshipped Trog.
Trog was pleased with you.
You visited 1 branch of the dungeon, and saw 3 of its levels.

You collected 81 gold pieces.

Inventory:

Hand Weapons
 a - a +0 mace (weapon)
Armour
 b - a +0 animal skin (worn)
 d - a +1 pair of gloves (worn)
 s - a +1 hat
Jewellery
 h - a ring of see invisible
 l - a +6 ring of strength (left hand)
 q - a ring of willpower
Wands
 u - a wand of digging (6)
Scrolls
 c - 6 scrolls of identify {unknown}
 f - 3 scrolls of fog {unknown}
 i - a scroll of acquirement {unknown}
 m - a scroll of fear {unknown}
 n - a scroll of torment {unknown}
 o - a scroll of silence {unknown}
 p - a scroll of teleportation {unknown}
 t - a scroll of enchant armour {unknown}
 v - a scroll of immolation {unknown}
Potions
 e - 2 potions of curing {unknown}
 g - a potion of heal wounds {unknown}
 j - a potion of brilliance {unknown}
 k - a potion of lignification {unknown}
 r - a potion of might {unknown}
 w - 4 potions of mutation {unknown}


   Skills:
 + Level 4.9 Fighting
 + Level 6.4 Maces & Flails
 + Level 2.7 Armour
 + Level 3.5 Dodging
 + Level 1.0 Stealth


You had 5 spell levels left.
You didn't know any spells.
Your spell library was empty.

Dungeon Overview and Level Annotations

Branches:
Dungeon (3/15)

Altars:

Annotations:
D:3 Crazy Yiuf


Innate Abilities, Weirdness & Mutations

You have a pair of horns on your head.
You reflexively headbutt those who attack you in melee.


Message History

Crazy Yiuf grits, "You down ena!"
Crazy Yiuf grits, "Dawk bag tortoise!"
Crazy Yiuf says, "Castle illywillydillykilly cloud!"
Crazy Yiuf cries, "Nubble light sing-song!"
Crazy Yiuf laughs, "Pitchfork!"
Crazy Yiuf glowers.
Crazy Yiuf whimpers, "Citrus snockshim blue!"
Crazy Yiuf screams, "East Xom senile!"
Done waiting.
You open the door.
Crazy Yiuf screams, "Snoogle rumpyflump mobile!"
You barely miss Crazy Yiuf. Your headbutt misses Crazy Yiuf.
Crazy Yiuf misses you.
You hit Crazy Yiuf.
Crazy Yiuf is lightly wounded.
Crazy Yiuf hits you with a +4 quarterstaff of chaos!
You hit Crazy Yiuf. You headbutt Crazy Yiuf.
Crazy Yiuf is heavily wounded.
Crazy Yiuf barely misses you.
You barely miss Crazy Yiuf.
Crazy Yiuf is heavily wounded.
Crazy Yiuf yells, "Dawk stair sing!"
Crazy Yiuf hits you with a +4 quarterstaff of chaos!
You are poisoned.
You closely miss Crazy Yiuf.
Crazy Yiuf is heavily wounded.
You feel very sick.
Crazy Yiuf hits you with a +4 quarterstaff of chaos!
Crazy Yiuf draws strength from your wounds!
You hit Crazy Yiuf.
Crazy Yiuf is severely wounded.
You feel very sick. Crazy Yiuf completely misses you.
You hit Crazy Yiuf but do no damage.
Crazy Yiuf is severely wounded.
You feel very sick.
Crazy Yiuf hits you with a +4 quarterstaff of chaos.
* * * LOW HITPOINT WARNING * * *
You are electrocuted!
You die...

#..........####.#
###........#
#..........#
#.###...........
#..........#
#..............#
#.....######
########.......# #
#....## #....#### #
##...# #....#
#####...# ###
♣♣##....# ##......##
#)..#♣♣ ♣♣..#....#
##.#.....#
#...g@♣♣♣♣........#
##......##
#...#♣..♣......####
##......# ###
♣♣♣.♣...###
##...#.## ♣♣♣♣♣##
.#####.#
.#.....#############
.#.######....#.#.#.#
.............#...#.#
.#.###########...#.#


You could see Crazy Yiuf.

Vanquished Creatures
  A hound (D:2)
  Natasha (thrice) (D:3)
  2 iguanas (D:3)
  3 gnolls (D:2)
  4 adders
  3 worms
  4 dart slugs
  An orc (D:3)
  4 bats
  7 endoplasms
  A giant cockroach (D:3)
  6 goblins
  5 hobgoblins
  3 kobolds
  A quokka (D:1)
  5 ball pythons
  A frilled lizard (D:3)
  4 rats
58 creatures vanquished.

Notes
Turn   | Place    | Note
-------+----------+-------------------------------------------
     0 | D:1      | Rein the Minotaur Berserker began the quest for the Orb.
     0 | D:1      | Reached XP level 1. HP: 19/19 MP: 0/0
   148 | D:1      | Reached XP level 2. HP: 21/27 MP: 1/1
   151 | D:1      | Reached skill level 4 in Maces & Flails
   611 | D:2      | Reached XP level 3. HP: 29/33 MP: 2/2
   661 | D:2      | Reached ** piety under Trog
   720 | D:2      | Reached XP level 4. HP: 38/41 MP: 3/3
   782 | D:2      | Reached skill level 5 in Maces & Flails
  1587 | D:3      | Reached XP level 5. HP: 43/47 MP: 4/4
  1840 | D:3      | Noticed Natasha
  1852 | D:3      | Killed Natasha
  1853 | D:3      | Reached skill level 6 in Maces & Flails
  2160 | D:3      | Noticed Natasha
  2168 | D:3      | Killed Natasha
  2350 | D:3      | Noticed Natasha
  2358 | D:3      | Killed Natasha
  2359 | D:3      | Reached skill level 1 in Stealth
  2359 | D:3      | Reached XP level 6. HP: 44/55 MP: 5/5
  2430 | D:3      | Found a runed translucent door.
  2431 | D:3      | Noticed Crazy Yiuf
  2541 | D:3      | Slain by Crazy Yiuf

Illustrated notes

Levels and vault maps discovered:
D:1:      ncdulo_halloftheorcs, layout_basic,
          hellmonk_ecumenical_altar_prayer_group, minmay_tripent
D:2:      layout_loops_ring, serial_rivers, chequers_serial_rivers_room_a,
          chequers_serial_rivers_micro_c, chequers_serial_rivers_large_b,
          chequers_serial_rivers_micro_c, chequers_serial_rivers_micro_e,
          chequers_serial_rivers_micro_d
D:3:      layout_basic, uniq_crazy_yiuf_cottage, uniq_natasha

Skill      XL: |  1  2  3  4  5 |
---------------+----------------+-----
Maces & Flails | 4 5 6 |  6.4
Fighting       | 4 |  4.9
Dodging        | 3 |  3.5
Stealth        | 1 |  1.0
Armour         | |  2.7

Action                   |  1- 3 |  4- 6 || total
-------------------------+-------+-------++-------
Melee: Mace              |    49 |    78 ||   127
       Headbutt          |    11 |    15 ||    26
Invok: Berserk           |       |     1 ||     1
 Stab: Sleeping          |       |     1 ||     1
Armor: Animal skin       |    10 |    11 ||    21
Dodge: Dodged            |    38 |    43 ||    81
